TOP OF THE 1ST |
Georgia Bulldogs batting - Pitching for Oklahoma State Cowboys : LHP Dave Lewis
|
Pitching: LHP Dave Lewis
|
|
Batting: LHB Sandro Márquez
|
0-0: Ball 1-0: Called Strike 1-1: Fly out, F2 (Popup, 2LF)
|
Batting: LHB Mike White
|
0-0: Called Strike 0-1: Fly out, F4 (Line Drive, 4)
|
Batting: RHB Juan Estrada
|
0-0: Called Strike 0-1: Fly out, F1 (Line Drive, 13S)
|
Top of the 1st over - 0 run(s), 0 hit(s), 0 error(s), 0 left on base; Georgia 0 - Oklahoma State 0 |
BOTTOM OF THE 1ST |
Oklahoma State Cowboys batting - Pitching for Georgia Bulldogs : RHP Raúl Cortéz
|
Pitching: RHP Raúl Cortéz
|
|
Batting: LHB Bill Bryan
|
0-0: Fly out, F6 (Flyball, 6)
|
Batting: LHB Cristián Rodríguez
|
0-0: Ball 1-0: Called Strike 1-1: Ball 2-1: Foul Ball, location: 2F 2-2: Ball 3-2: Foul Ball, location: 2F 3-2: Foul Ball, location: 2F 3-2: Foul Ball, location: 2F 3-2: Foul Ball, location: 2F 3-2: Foul Ball, location: 2F 3-2: Base on Balls
|
Batting: RHB John Lynch
|
0-0: Called Strike 0-1: Ball 1-1: Grounds into double play, 6-4-3 (Groundball, 6)
|
Bottom of the 1st over - 0 run(s), 0 hit(s), 0 error(s), 0 left on base; Georgia 0 - Oklahoma State 0 |
TOP OF THE 2ND |
Georgia Bulldogs batting - Pitching for Oklahoma State Cowboys : LHP Dave Lewis
|
Batting: RHB Tom Stoltz
|
0-0: Foul Ball, location: 2F 0-1: Ball 1-1: Swinging Strike 1-2: Strikes out swinging
|
Batting: RHB Michael Stevenson
|
0-0: Ball 1-0: SINGLE (Flyball, 89S)
|
Batting: LHB Merrill Erickson
|
0-0: Ball 1-0: Foul Ball, location: 2F 1-1: Swinging Strike 1-2: SINGLE (Groundball, 34D) Michael Stevenson to second
|
Batting: SHB Jean-François St-Amant
|
0-0: Ball 1-0: Called Strike 1-1: Fly out, F2 (Popup, 2R)
|
Batting: RHB Mario Barker
|
0-0: Foul Ball, location: 2F 0-1: Fly out, F4 (Popup, 3F)
|
Top of the 2nd over - 0 run(s), 2 hit(s), 0 error(s), 2 left on base; Georgia 0 - Oklahoma State 0 |
BOTTOM OF THE 2ND |
Oklahoma State Cowboys batting - Pitching for Georgia Bulldogs : RHP Raúl Cortéz
|
Batting: LHB Bryan Davis
|
0-0: Foul Ball, location: 2F 0-1: Foul Ball, location: 2F 0-2: Strikes out swinging
|
Batting: RHB Augusto Padilla
|
0-0: Ground out 6-3 (Groundball, 6M)
|
Batting: LHB Horace Kramer
|
0-0: Ball 1-0: Ground out 4-3 (Groundball, 4)
|
Bottom of the 2nd over - 0 run(s), 0 hit(s), 0 error(s), 0 left on base; Georgia 0 - Oklahoma State 0 |
TOP OF THE 3RD |
Georgia Bulldogs batting - Pitching for Oklahoma State Cowboys : LHP Dave Lewis
|
Batting: LHB Artie Connor
|
0-0: Ball 1-0: SINGLE (Groundball, 4M)
|
Batting: LHB Sandro Márquez
|
0-0: Ball 1-0: SINGLE (Groundball, 3D) Artie Connor to second
|
Batting: LHB Mike White
|
0-0: Called Strike 0-1: Ball 1-1: Ball 2-1: Foul Ball, location: 2F 2-2: Strikes out looking
|
Batting: RHB Juan Estrada
|
0-0: Called Strike Reached via error on a dropped throw, E4 Artie Connor to third Sandro Márquez to second
|
Batting: RHB Tom Stoltz
|
0-0: Fly out, F7 (Flyball, 7LM) Runner from 3rd tags up, SCORES, throw made
|
Batting: RHB Michael Stevenson
|
0-0: Called Strike 0-1: SINGLE (Line Drive, 56D) Sandro Márquez to third Juan Estrada to second Runner from 3rd tries for Home, SAFE, no throw or cutoff
|
Batting: LHB Merrill Erickson
|
0-0: Called Strike 0-1: Ground out 3-1 (Groundball, 34)
|
Top of the 3rd over - 2 run(s), 3 hit(s), 1 error(s), 2 left on base; Georgia 2 - Oklahoma State 0 |
BOTTOM OF THE 3RD |
Oklahoma State Cowboys batting - Pitching for Georgia Bulldogs : RHP Raúl Cortéz
|
Batting: RHB Ryan Williams
|
0-0: Ball 1-0: Swinging Strike 1-1: Foul Ball, location: 2F 1-2: Foul Ball, location: 2F 1-2: Ball 2-2: Fly out, F9 (Flyball, 89M)
|
Batting: LHB César Colón
|
0-0: Foul Ball, location: 2F 0-1: Fly out, F7 (Flyball, 7M)
|
Batting: RHB Joe Sulley
|
0-0: SINGLE (Line Drive, 89S)
|
Batting: LHB Bill Bryan
|
0-0: Ball 1-0: Ball 2-0: Ball 3-0: Base on Balls Joe Sulley to second
|
Batting: LHB Cristián Rodríguez
|
0-0: Foul Ball, location: 2F 0-1: SINGLE (Groundball, 34) Joe Sulley to third Bill Bryan to second Runner from 3rd tries for Home, SAFE, no throw or cutoff
|
Batting: RHB John Lynch
|
0-0: Swinging Strike 0-1: Ball 1-1: Swinging Strike 1-2: Strikes out swinging
|
Bottom of the 3rd over - 1 run(s), 2 hit(s), 0 error(s), 2 left on base; Georgia 2 - Oklahoma State 1 |
TOP OF THE 4TH |
Georgia Bulldogs batting - Pitching for Oklahoma State Cowboys : LHP Dave Lewis
|
Batting: SHB Jean-François St-Amant
|
0-0: Called Strike 0-1: Foul Ball, location: 2F 0-2: Fly out, F7 (Flyball, 78M)
|
Batting: RHB Mario Barker
|
0-0: Foul Ball, location: 2F 0-1: Foul Ball, location: 2F 0-2: Fly out, F3 (Popup, 34)
|
Batting: LHB Artie Connor
|
0-0: Ball 1-0: Ball 2-0: Ball 3-0: Foul Ball, location: 2F 3-1: Base on Balls
|
Batting: LHB Sandro Márquez
|
0-0: Swinging Strike 0-1: SINGLE (Groundball, 3L) Artie Connor to second Runner from 2nd tries for 3rd, SAFE, throw made to third
|
Batting: LHB Mike White
|
0-0: Foul Ball, location: 2F 0-1: Ball 1-1: Ball 2-1: Fly out, F7 (Flyball, 78M)
|
Top of the 4th over - 0 run(s), 1 hit(s), 0 error(s), 2 left on base; Georgia 2 - Oklahoma State 1 |
BOTTOM OF THE 4TH |
Oklahoma State Cowboys batting - Pitching for Georgia Bulldogs : RHP Raúl Cortéz
|
Batting: LHB Bryan Davis
|
0-0: Called Strike 0-1: Called Strike 0-2: Foul Ball, location: 2F 0-2: Strikes out swinging
|
Batting: RHB Augusto Padilla
|
0-0: Ball 1-0: Called Strike 1-1: Fly out, F7 (Flyball, 78M)
|
Batting: LHB Horace Kramer
|
0-0: Called Strike 0-1: Swinging Strike 0-2: Fly out, F5 (Popup, 6)
|
Bottom of the 4th over - 0 run(s), 0 hit(s), 0 error(s), 0 left on base; Georgia 2 - Oklahoma State 1 |
TOP OF THE 5TH |
Georgia Bulldogs batting - Pitching for Oklahoma State Cowboys : LHP Dave Lewis
|
Batting: RHB Juan Estrada
|
0-0: Ball 1-0: Called Strike 1-1: Fly out, F9 (Flyball, 89S)
|
Batting: RHB Tom Stoltz
|
0-0: Foul Ball, location: 2F 0-1: Foul Ball, location: 2F 0-2: Ball 1-2: Strikes out looking
|
Batting: RHB Michael Stevenson
|
0-0: SINGLE (Flyball, 78S)
|
Batting: LHB Merrill Erickson
|
0-0: Foul Ball, location: 2F 0-1: Swinging Strike 0-2: Ball 1-2: Strikes out looking
|
Top of the 5th over - 0 run(s), 1 hit(s), 0 error(s), 1 left on base; Georgia 2 - Oklahoma State 1 |
BOTTOM OF THE 5TH |
Oklahoma State Cowboys batting - Pitching for Georgia Bulldogs : RHP Raúl Cortéz
|
Batting: RHB Ryan Williams
|
0-0: Ball 1-0: Fly out, F7 (Flyball, 78M)
|
Batting: LHB César Colón
|
0-0: Ball 1-0: Foul Ball, location: 2F 1-1: Swinging Strike 1-2: Strikes out looking
|
Batting: RHB Joe Sulley
|
0-0: Ball 1-0: Ball 2-0: Foul Ball, location: 2F 2-1: Ball 3-1: Foul Ball, location: 2F 3-2: Foul Ball, location: 2F 3-2: Foul Ball, location: 2F 3-2: Foul Ball, location: 2F 3-2: Fly out, F7 (Flyball, 78M)
|
Bottom of the 5th over - 0 run(s), 0 hit(s), 0 error(s), 0 left on base; Georgia 2 - Oklahoma State 1 |
TOP OF THE 6TH |
Georgia Bulldogs batting - Pitching for Oklahoma State Cowboys : LHP Dave Lewis
|
Batting: SHB Jean-François St-Amant
|
0-0: Ball 1-0: Ball 2-0: Called Strike 2-1: Ball 3-1: Base on Balls
|
Batting: RHB Mario Barker
|
0-0: SINGLE (Line Drive, 9LS) Jean-François St-Amant to second
|
Batting: LHB Artie Connor
|
0-0: Called Strike 0-1: SINGLE (Line Drive, 89S) Jean-François St-Amant to third Mario Barker to second Runner from 3rd tries for Home, SAFE, no throw or cutoff
|
Batting: LHB Sandro Márquez
|
0-0: Ball 1-0: Foul Ball, location: 2F 1-1: DOUBLE (Popup, 7S) Mario Barker scores Artie Connor to third
|
Batting: LHB Mike White
|
0-0: Ball 1-0: Ball 2-0: Foul Ball, location: 2F 2-1: Swinging Strike 2-2: Ball 3-2: Foul Ball, location: 2F 3-2: Foul Ball, location: 2F 3-2: Base on Balls
|
Pitching: RHP Kevin Godfrey
|
|
Batting: RHB Juan Estrada
|
0-0: Swinging Strike 0-1: Called Strike 0-2: Grounds into fielders choice 6-2 (Groundball, 6) Sandro Márquez to third Mike White to second
|
Batting: RHB Tom Stoltz
|
0-0: SINGLE (Line Drive, 4) Sandro Márquez scores Mike White to third Juan Estrada to second Runner from 3rd tries for Home, SAFE, no throw or cutoff
|
Batting: RHB Michael Stevenson
|
0-0: Ground out 5-3 (Groundball, 56S) Juan Estrada to third Tom Stoltz to second
|
Batting: LHB Merrill Erickson
|
0-0: Ball 1-0: Called Strike 1-1: Foul Ball, location: 2F 1-2: Fly out, F7 (Line Drive, 7S)
|
Top of the 6th over - 4 run(s), 4 hit(s), 0 error(s), 2 left on base; Georgia 6 - Oklahoma State 1 |
BOTTOM OF THE 6TH |
Oklahoma State Cowboys batting - Pitching for Georgia Bulldogs : RHP Raúl Cortéz
|
Batting: LHB Bill Bryan
|
0-0: Called Strike 0-1: Fly out, F8 (Flyball, 8LM)
|
Batting: LHB Cristián Rodríguez
|
0-0: Ball 1-0: Called Strike 1-1: Ball 2-1: Called Strike 2-2: Ball 3-2: Base on Balls
|
Batting: RHB John Lynch
|
0-0: Ball 1-0: Grounds into double play, 5-4-3 (Groundball, 5L)
|
Bottom of the 6th over - 0 run(s), 0 hit(s), 0 error(s), 0 left on base; Georgia 6 - Oklahoma State 1 |
TOP OF THE 7TH |
Georgia Bulldogs batting - Pitching for Oklahoma State Cowboys : RHP Kevin Godfrey
|
Batting: SHB Jean-François St-Amant
|
0-0: Ball 1-0: Ball 2-0: Foul Ball, location: 2F 2-1: Called Strike 2-2: Strikes out swinging
|
Batting: RHB Mario Barker
|
0-0: Swinging Strike 0-1: Foul Ball, location: 2F 0-2: Ball 1-2: SINGLE (Line Drive, 89S)
|
Batting: LHB Artie Connor
|
0-0: Swinging Strike 0-1: Ball 1-1: Ball 2-1: Foul Ball, location: 2F 2-2: Foul Ball, location: 2F 2-2: Ball 3-2: Foul Ball, location: 2F 3-2: Base on Balls Mario Barker to second
|
Batting: LHB Sandro Márquez
|
0-0: Called Strike 0-1: Called Strike 0-2: Ball 1-2: Ball 2-2: Fielders Choice at 2nd, U4 (Groundball, 4) Mario Barker to third
|
Batting: LHB Mike White
|
0-0: Ball 1-0: Called Strike 1-1: Called Strike 1-2: Strikes out swinging
|
Top of the 7th over - 0 run(s), 1 hit(s), 0 error(s), 2 left on base; Georgia 6 - Oklahoma State 1 |
BOTTOM OF THE 7TH |
Oklahoma State Cowboys batting - Pitching for Georgia Bulldogs : RHP Raúl Cortéz
|
Batting: LHB Bryan Davis
|
0-0: Ball 1-0: Foul Ball, location: 2F 1-1: SINGLE (Line Drive, 4MD)
|
Batting: RHB Augusto Padilla
|
0-0: Ball 1-0: Swinging Strike 1-1: Foul Ball, location: 2F 1-2: Strikes out looking
|
Pitching: RHP Bob Freitas
|
|
Batting: LHB Horace Kramer
|
0-0: Called Strike 0-1: Ball 1-1: Ball 2-1: Ball 3-1: Called Strike 3-2: Foul Ball, location: 2F 3-2: Base on Balls Bryan Davis to second
|
Batting: RHB Ryan Williams
|
0-0: Fly out, F2 (Popup, 2LF)
|
Batting: LHB César Colón
|
0-0: Called Strike 0-1: Ball 1-1: Ground out U3 (Groundball, 3S)
|
Bottom of the 7th over - 0 run(s), 1 hit(s), 0 error(s), 2 left on base; Georgia 6 - Oklahoma State 1 |
TOP OF THE 8TH |
Georgia Bulldogs batting - Pitching for Oklahoma State Cowboys : RHP Kevin Godfrey
|
Pitching: RHP Ken Burnett
|
|
Batting: RHB Juan Estrada
|
0-0: Foul Ball, location: 2F 0-1: Ball 1-1: Called Strike 1-2: DOUBLE (Line Drive, 8LM)
|
Batting: RHB Tom Stoltz
|
0-0: Ball 1-0: Ball 2-0: Ball 3-0: Called Strike 3-1: Foul Ball, location: 2F 3-2: Foul Ball, location: 2F 3-2: 2-RUN HOME RUN (Flyball, 89XD), Distance : 365 ft
|
Batting: RHB Michael Stevenson
|
0-0: Called Strike 0-1: Called Strike 0-2: Ball 1-2: Strikes out swinging
|
Batting: LHB Merrill Erickson
|
0-0: Ball 1-0: Foul Ball, location: 2F 1-1: Swinging Strike 1-2: Ball 2-2: Foul Ball, location: 2F 2-2: Ball 3-2: Strikes out swinging
|
Batting: SHB Jean-François St-Amant
|
0-0: SINGLE (Groundball, 4MD)
|
Batting: RHB Mario Barker
|
0-0: Ball 1-0: Ball 2-0: Swinging Strike 2-1: Ball 3-1: Called Strike 3-2: Fly out, F2 (Popup, 2RF)
|
Top of the 8th over - 2 run(s), 3 hit(s), 0 error(s), 1 left on base; Georgia 8 - Oklahoma State 1 |
BOTTOM OF THE 8TH |
Oklahoma State Cowboys batting - Pitching for Georgia Bulldogs : RHP Bob Freitas
|
Now in LF: Nate Harrington
|
|
Batting: RHB Joe Sulley
|
0-0: Called Strike 0-1: Ball 1-1: Called Strike 1-2: Foul Ball, location: 2F 1-2: Fly out, F4 (Popup, 4D)
|
Batting: LHB Bill Bryan
|
0-0: Foul Ball, location: 2F 0-1: Ball 1-1: Ball 2-1: Swinging Strike 2-2: Ball 3-2: Base on Balls
|
Batting: LHB Cristián Rodríguez
|
0-0: Ball 1-0: Foul Ball, location: 2F 1-1: Ball 2-1: Ball 3-1: Swinging Strike 3-2: Strikes out swinging
|
Batting: RHB John Lynch
|
0-0: Ball 1-0: Ball 2-0: Foul Ball, location: 2F 2-1: Swinging Strike 2-2: Ball Pickoff Throw to First - Error! E1 Bill Bryan to second 3-2: Base on Balls
|
Batting: LHB Bryan Davis
|
0-0: Fly out, F8 (Flyball, 8RM)
|
Bottom of the 8th over - 0 run(s), 0 hit(s), 1 error(s), 2 left on base; Georgia 8 - Oklahoma State 1 |
TOP OF THE 9TH |
Georgia Bulldogs batting - Pitching for Oklahoma State Cowboys : RHP Ken Burnett
|
Pitching: RHP Stu Morris
|
|
Batting: LHB Artie Connor
|
0-0: Called Strike 0-1: Swinging Strike 0-2: Ball 1-2: Strikes out swinging
|
Batting: LHB Sandro Márquez
|
0-0: Ground out 4-3 (Groundball, 4)
|
Batting: LHB Mike White
|
0-0: Fly out, F9 (Flyball, 9M)
|
Top of the 9th over - 0 run(s), 0 hit(s), 0 error(s), 0 left on base; Georgia 8 - Oklahoma State 1 |
BOTTOM OF THE 9TH |
Oklahoma State Cowboys batting - Pitching for Georgia Bulldogs : RHP Bob Freitas
|
Now at 1B: Chris Whittier
|
|
Batting: RHB Augusto Padilla
|
0-0: Ground out 5-3 (Groundball, 5S)
|
Batting: LHB Horace Kramer
|
0-0: Ball 1-0: Called Strike 1-1: Called Strike 1-2: Strikes out swinging
|
Batting: RHB Ryan Williams
|
0-0: Swinging Strike 0-1: Called Strike 0-2: Strikes out swinging
|
Bottom of the 9th over - 0 run(s), 0 hit(s), 0 error(s), 0 left on base; Georgia 8 - Oklahoma State 1 |
|